 Dungeon Crawl Stone Soup version 0.29.1-12-g30fa7ad0bf (webtiles) character file.

Game seed: 14558711890691390453

59 hawla the Chiller (level 4, -1/27 (33) HPs)
             Began as a Meteoran Ice Elementalist on Dec 26, 2022.
             Slain by a necrophage (3 damage)
             ... on level 4 of the Dungeon.
             The game lasted 00:02:44 (399 turns).

hawla the Chiller (Meteoran Ice Elementalist)        Turns: 399, Time: 00:02:45

HP:   -1/27 (33)    AC:  2    Str:  9    XL:     4   Next: 46%
MP:   5/10          EV: 12    Int: 18    God:
Gold: 83            SH:  0    Dex: 15    Spells: 9/10 levels left

rFire   . . .      SeeInvis .   (no weapon)
rCold   . . .      Faith    .   (no shield)
rNeg    . . .      Spirit   .   a - +0 robe
rPois   .          Reflect  .   (no helmet)
rElec   .          Harm     .   (no cloak)
rCorr   .          Rampage  .   (no gloves)
Will    .....                   (no boots)
Stlth   +.........              d - amulet of magic regeneration
HPRegen 0.09/turn               (no ring)
MPRegen 0.52/turn               (no ring)

@: glowing, heavily drained
A: sense surroundings 1, otherworldly, glowing, explore regen
a: no special abilities


You were on level 4 of the Dungeon.
You visited 1 branch of the dungeon, and saw 4 of its levels.

You collected 83 gold pieces.

Inventory:

Armour
 a - a +0 robe (worn)
Jewellery
 d - an amulet of magic regeneration (around neck)
Scrolls
 e - a scroll of identify {unknown}
Potions
 b - a potion of magic
 c - 2 potions of ambrosia {unknown}


   Skills:
 + Level 0.1 Fighting
 + Level 2.6 Dodging
 - Level 1.4 Stealth
 + Level 3.7 Spellcasting
 + Level 5.4 Ice Magic


You had 9 spell levels left.
You knew the following spells:

 Your Spells              Type           Power      Damage    Failure   Level
a - Freeze                Ice            88%        1d10      1%          1

Your spell library contained the following spells:

 Spells                   Type           Power      Damage    Failure   Level
 Frozen Ramparts          Ice            44%        1d7       4%          3
 Ozocubu's Armour         Ice            22%        N/A       4%          3
 Hailstorm                Conj/Ice       13%        3d5       45%         4


Dungeon Overview and Level Annotations

Branches:
Dungeon (4/15) Zot: 2000
 Temple: D:4-7

Altars:
Gozag
Zin


Innate Abilities, Weirdness & Mutations

You passively map a small area around you.
You are easily found by Zot.
You glow in the dark.
You regain HP and MP as you explore.


Message History

Casting: Freeze (safe; 1% risk of failure)
Confirm with . or Enter, or press ? or * to list all spells.
Aiming: Freeze (safe; 1% risk of failure)
Press: ? - help, Shift-Dir - straight line, f/p - necrophage
Aim: a necrophage (severely damaged)
You freeze the necrophage.
The necrophage resists.
The necrophage is severely damaged.
The necrophage hits you.
Unknown command.
Casting: Freeze (safe; 1% risk of failure)
Confirm with . or Enter, or press ? or * to list all spells.
Aiming: Freeze (safe; 1% risk of failure)
Press: ? - help, Shift-Dir - straight line, f/p - necrophage
Aim: a necrophage (severely damaged)
You freeze the necrophage.
The necrophage resists.
The necrophage is severely damaged.
The necrophage hits you.
* * * LOW HITPOINT WARNING * * *
You feel drained.
* * * LOW HITPOINT WARNING * * *
Casting: Freeze (safe; 1% risk of failure)
Confirm with . or Enter, or press ? or * to list all spells.
Aiming: Freeze (safe; 1% risk of failure)
Press: ? - help, Shift-Dir - straight line, f/p - necrophage
Aim: a necrophage (severely damaged)
You freeze the necrophage.
The necrophage resists.
The necrophage is almost destroyed.
The necrophage hits you but does no damage.
Unknown command.
Casting: Freeze (safe; 1% risk of failure)
Confirm with . or Enter, or press ? or * to list all spells.
Aiming: Freeze (safe; 1% risk of failure)
Press: ? - help, Shift-Dir - straight line, f/p - necrophage
Aim: a necrophage (almost destroyed)
You freeze the necrophage.
The necrophage resists.
The necrophage is almost destroyed.
The necrophage hits you.
* * * LOW HITPOINT WARNING * * *
You feel drained.
You die...

* #... , , , ,,
....,, * , ***#..#
* * >..# #..# ...#
.######..# * ...#
.........# ...#
.........# * ...#*
*........n########,
...#*
.........@.......
...#
.........########*
...#
................*
...#
#######.#######.*
...###### #.# , ,
........######.# ,
###............# ,
###............# *
, ..#.........####
*


You could see a necrophage.

Vanquished Creatures
  A hound (D:4)
  2 adders
  An orc (D:4)
  An endoplasm (D:2)
  A giant cockroach (D:2)
  2 jackals (D:3)
  A ball python (D:4)
  A goblin (D:1)
  A rat (D:2)
11 creatures vanquished.

Notes
Turn   | Place    | Note
-------+----------+-------------------------------------------
     0 | D:1      | hawla the Meteoran Ice Elementalist began the quest for the
                  | Orb.
     0 | D:1      | Reached XP level 1. HP: 14/14 MP: 5/5
    28 | D:2      | Reached XP level 2. HP: 14/20 MP: 0/6
   210 | D:4      | Found a glowing silver altar of Zin.
   211 | D:4      | Noticed an angel
   219 | D:4      | Reached XP level 3. HP: 21/26 MP: 6/8
   220 | D:4      | Identified a scroll of acquirement
   220 | D:4      | Acquired an amulet of magic regeneration
   232 | D:4      | Found an opulent altar of Gozag.
   311 | D:4      | Reached skill level 5 in Ice Magic
   311 | D:4      | Reached XP level 4. HP: 24/33 MP: 7/10
   385 | D:4      | Noticed a necrophage
   399 | D:4      | Slain by a necrophage

Illustrated notes

Levels and vault maps discovered:
D:1:      nzn_arrival_water_spiral, layout_loops_ring,
          shapermc_ecumenical_altar_totnotflames
D:2:      layout_basic, uniq_jessica
D:3:      layout_basic, lemuel_round_altar, mainiacjoe_overflow_alcove_2,
          nemelex_xobeh_ov_fountains_minmay, ebering_ghost_reflecting_pool
D:4:      layout_basic, kennysheep_mini_moat, nicolae_ru_the_path_less_chosen,
          zin_angel, kennysheep_generic_room_4

Skill      XL: |  1  2  3 |
---------------+----------+-----
Spellcasting   | 3 |  3.7
Ice Magic      | 5 |  5.4
Fighting       | |  0.1
Dodging        | |  2.6
Stealth        | |  1.4

Action                   |  1- 3 |  4- 6 || total
-------------------------+-------+-------++-------
Melee: Unarmed           |     1 |       ||     1
 Cast: Freeze            |    18 |    14 ||    32
  Use: Scroll            |     3 |       ||     3
Armor: Robe              |     5 |     2 ||     7
Dodge: Dodged            |     6 |     3 ||     9
